 Dungeon Crawl Stone Soup version 0.27-a0-385-g3208abaabc (webtiles) character file.

Game seed: 1477827272720255916

599 kae the Insei (level 7, 0/51 HPs)
             Began as a Demonspawn Transmuter on Feb 19, 2021.
             Succumbed to a scorpion's poison
             ... on level 4 of the Dungeon.
             The game lasted 00:02:42 (4073 turns).

kae the Insei (Demonspawn Transmuter)               Turns: 4073, Time: 00:02:42

Health: 0/51       AC:  4    Str: 13    XL:     7   Next: 17%
Magic:  4/11       EV: 13    Int: 14    God:
Gold:   86         SH:  0    Dex: 13    Spells: 8/12 levels left

rFire    . . .     SeeInvis .     - Unarmed
rCold    . . .     Faith    .   (no shield)
rNeg     . . .     Spirit   .   a - +0 robe
rPois    .         Reflect  .   (no helmet)
rElec    .         Harm     .   (no cloak)
rCorr    .         Rampage  .   (no gloves)
Will     .....                  (no boots)
Stlth    +.........             (no amulet)
HPRegen  0.17/turn              (no ring)
MPRegen  0.12/turn              (no ring)

@: lethally poisoned (0 -> -22)
A: hooves 1, thin metallic scales 1, spiny 1
a: no special abilities


You were on level 4 of the Dungeon.
You visited 1 branch of the dungeon, and saw 4 of its levels.

You collected 86 gold pieces.

Inventory:

Armour
 a - a +0 robe (worn)
Scrolls
 b - 4 scrolls of identify
 c - a scroll of magic mapping
 d - a scroll of blinking


   Skills:
 + Level 2.6 Fighting
 + Level 2.9 Dodging
 * Level 4.5 Unarmed Combat
 + Level 3.2 Spellcasting
 * Level 4.0 Transmutations
 - Level 2.0 Poison Magic


You had 8 spell levels left.
You knew the following spells:

 Your Spells              Type           Power        Failure   Level
a - Beastly Appendage     Tmut           26%          4%          1
b - Spider Form           Tmut/Pois      5%           19%         3

Your spell library contained the following spells:

 Spells                   Type           Power        Failure   Level
 Wereblood                Tmut           13%          6%          2
 Ice Form                 Ice/Tmut       7%           67%         4
 Blade Hands              Tmut           6%           75%         5


Dungeon Overview and Level Annotations

Branches:
Dungeon (4/15)
 Temple: D:4-7

Altars:
Trog


Innate Abilities, Weirdness & Mutations

You have large cloven feet.
You are partially covered in thin metallic scales. (AC +2)
You are partially covered in sharp spines.


Message History

The scorpion poisons you!
You feel sick. The scorpion misses you.
You feel sick.
You hit the scorpion but do no damage.
You feel sick. The scorpion stings you.
* * * LOW HITPOINT WARNING * * *
You are lethally poisoned!
The scorpion poisons you!
You hit the scorpion.
The scorpion is moderately wounded.
* * * LOW HITPOINT WARNING * * *
You feel sick.
You hit the scorpion but do no damage.
The scorpion is poisoned.
The scorpion is moderately wounded.
* * * LOW HITPOINT WARNING * * *
You feel very sick. The scorpion completely misses you.
You hit the scorpion.
The scorpion looks as sick as possible!
The scorpion is heavily wounded.
* * * LOW HITPOINT WARNING * * *
You feel very sick. The scorpion misses you.
You hit the scorpion.
You kill the scorpion!
Your transformation has ended.
Your +0 robe unmelds from your body.
* * * LOW HITPOINT WARNING * * *
You feel sick.
Your Transmutations skill increases to level 4!
An orc comes into view. It is wielding a +0 mace.
* * * LOW HITPOINT WARNING * * *
You feel sick.
The orc shouts!
Your magical contamination has completely faded away.
Found 8 gold pieces, a dagger and a purple potion.
* * * LOW HITPOINT WARNING * * *
You feel sick.
Found a scroll labelled AROMMAIJIZ.
You aren't carrying any potions.
An iguana comes into view.
You die...

#.# #.# ######
#.# #..?.# ##.#
#.$..# #..#
####....# #..#
l......o####..#
.###..........#
.......@#####>#
...##..## #..#
.)..# ##o##
##!## #oo# #. #
#.## .. #o . #o
#. ..


You could see an iguana (wandering) and an orc.

Vanquished Creatures
  Sigmund (D:3)
  An eye of draining (D:3)
  An ogre (D:4)
  A scorpion (D:4)
  An orc priest (D:2)
  2 orc wizards (D:2)
  A gnoll (D:3)
  6 adders
  A worm (D:2)
  2 dart slugs (D:2)
  4 leopard geckos
  8 orcs
  3 giant cockroaches
  3 hobgoblins
  8 kobolds
  A quokka (D:2)
  11 bats
  2 frilled lizards
  5 goblins
  8 rats
70 creatures vanquished.

Notes
Turn   | Place    | Note
-------+----------+-------------------------------------------
     0 | D:1      | kae the Demonspawn Transmuter began the quest for the Orb.
     0 | D:1      | Reached XP level 1. HP: 15/15 MP: 3/3
   588 | D:1      | Gained mutation: You have large cloven feet. [demonic
                  | ancestry]
   588 | D:1      | Reached XP level 2. HP: 21/21 MP: 5/5
  1302 | D:2      | Reached XP level 3. HP: 26/26 MP: 4/6
  1336 | D:2      | Learned a level 3 spell: Spider Form
  1942 | D:2      | Reached XP level 4. HP: 32/32 MP: 5/7
  2181 | D:2      | Reached skill level 1 in Poison Magic
  2187 | D:2      | Gained mutation: You are partially covered in sharp spines.
                  | [demonic ancestry]
  2187 | D:2      | Reached XP level 5. HP: 23/38 MP: 6/8
  2681 | D:3      | Noticed Sigmund
  2731 | D:3      | Killed Sigmund
  2732 | D:3      | Gained mutation: You are partially covered in thin metallic
                  | scales. (AC +2) [demonic ancestry]
  2732 | D:3      | Reached XP level 6. HP: 37/44 MP: 6/10
  3586 | D:3      | Found a bloodstained altar of Trog.
  3668 | D:4      | Reached XP level 7. HP: 9/51 MP: 8/11
  4072 | D:4      | HP: 2/51 [poisoned by a scorpion]
  4073 | D:4      | Succumbed to a scorpion's poison

Illustrated notes

Levels and vault maps discovered:
D:1:      dpeg_arrival_rooms_c, layout_basic, nrook_uturn
D:2:      layout_rooms, minmay_misc_feat_rugged
D:3:      layout_loops_ring, trog_eyes_of_draining, uniq_sigmund
D:4:      layout_rooms, minmay_temple_entry_glassed_door

Skill      XL: |  1  2  3  4  5  6  7 |
---------------+----------------------+-----
Transmutations | 2 3 4 |  4.0
Unarmed Combat | 3 4 |  4.5
Dodging        | 2 |  2.9
Poison Magic   | 1 2 |  2.0
Fighting       | 2 |  2.6
Spellcasting   | 3 |  3.2

Action                   |  1- 3 |  4- 6 |  7- 9 || total
-------------------------+-------+-------+-------++-------
Melee: Unarmed           |    83 |    90 |    13 ||   186
       Headbutt          |    10 |     4 |       ||    14
       Kick              |    11 |     7 |     1 ||    19
       Punch             |     1 |       |       ||     1
 Cast: Beastly Appendage |    18 |    12 |       ||    30
       Spider Form       |       |     5 |     1 ||     6
  Use: Scroll            |     3 |     3 |     1 ||     7
       Potion            |     1 |     1 |       ||     2
 Stab: Sleeping          |     1 |       |       ||     1
Armor: Robe              |    30 |     8 |     1 ||    39
       Skin              |       |     6 |     1 ||     7
Dodge: Dodged            |    62 |    43 |    20 ||   125

Table legend: (Time is in decaauts)
 A = Elapsed time spent in this place.
 B = Non-inter-level travel time spent in this place.
 C = Inter-level travel time spent in this place.
 D = Time resting spent in this place.
 E = Time spent auto-exploring this place.
 F = Levels seen in this place.
 G = Mean time per level.
                   A        B        C        D        E       F      G
               +--------+--------+--------+--------+--------+-----+--------+
         Total |   4062 |   3936 |    126 |    251 |   3174 |   4 | 1015.5 |
       Dungeon |   4062 |   3936 |    126 |    251 |   3174 |   4 | 1015.5 |
               +--------+--------+--------+--------+--------+-----+--------+

Top non-repeatable levels by time:
     D:3: 1402 daAuts
     D:2: 1333 daAuts
     D:1: 1217 daAuts
     D:4: 109 daAuts
